 Dungeon Crawl Stone Soup version 0.29-a0-998-g1987434951 (webtiles) character file.

Game seed: 10368368160726931821

14212 vurker the Fighter (level 12, -10/70 HPs)
             Began as a Vine Stalker Enchanter on Aug 5, 2022.
             Was an Elder of Makhleb.
             Mangled by a death yak (14 damage)
             ... on level 1 of the Lair of Beasts.
             The game lasted 00:24:41 (12570 turns).

vurker the Fighter (Vine Stalker Enchanter)        Turns: 12570, Time: 00:24:42

Health: -10/70     AC: 24    Str: 15    XL:     12   Next: 14%
Magic:  0/26       EV:  2    Int: 15    God:    Makhleb [****..]
Gold:   335        SH:  3    Dex: 16    Spells: 15/15 levels left

rFire   . . .      SeeInvis .   a - +5 quick blade (chaos)
rCold   . . .      Faith    .   v - +0 buckler
rNeg    . . .      Spirit   +   d - +0 crystal plate armour
rPois   +          Reflect  .   l - +2 helmet
rElec   .          Harm     .   p - +2 cloak
rCorr   .          Rampage  .   (no gloves)
Will    +....                   (no boots)
Stlth   ..........              (no amulet)
HPRegen 1.01/turn               i - ring of magical power
MPRegen 0.20/turn               z - ring of poison resistance

@: no status effects
A: fangs 3, regeneration 1, magic shield, antimagic bite, no potion heal 2
a: Renounce Religion, Minor Destruction, Lesser Servant of Makhleb, Major
Destruction


You were on level 1 of the Lair of Beasts.
You worshipped Makhleb.
Makhleb was greatly pleased with you.
You visited 3 branches of the dungeon, and saw 12 of its levels.
You also visited: Bailey.

You collected 730 gold pieces.
You spent 395 gold pieces at shops.

Inventory:

Hand Weapons
 a - a +5 quick blade of chaos (weapon)
   (You found it on level 3 of the Dungeon)
Armour
 d - a +0 crystal plate armour (worn)
   (You took it off an orc warrior in a bailey)
 l - a +2 helmet (worn)
   (You took it off Robin on level 2 of the Dungeon)
 p - a +2 cloak (worn)
   (You found it on level 4 of the Dungeon)
 v - a +0 buckler (worn)
   (You found it on level 9 of the Dungeon)
Jewellery
 f - a ring of flight
   (You found it on level 7 of the Dungeon)
 h - a ring of positive energy
   (You found it on level 4 of the Dungeon)
 i - a ring of magical power (left hand)
   (You found it on level 3 of the Dungeon)
 z - a ring of poison resistance (right hand)
   (You acquired it on level 5 of the Dungeon)
Wands
 t - a wand of flame (10)
   (You took it off Eustachio on level 9 of the Dungeon)
 u - a wand of paralysis (14)
   (You found it on level 6 of the Dungeon)
Scrolls
 g - 3 scrolls of teleportation
 k - 5 scrolls of enchant armour
 n - a scroll of fear
 x - 2 scrolls of blinking
 y - 2 scrolls of identify
Potions
 c - 2 potions of invisibility
 e - 4 potions of lignification
 j - a potion of ambrosia {unknown}
 m - a potion of brilliance {unknown}
 o - 4 potions of curing
 q - 2 potions of cancellation {unknown}
 r - a potion of haste
 s - 2 potions of resistance
 w - a potion of mutation {unknown}
 A - a potion of berserk rage {unknown}


   Skills:
 * Level 11.1 Fighting
 - Level 8.0 Short Blades
 + Level 6.1 Armour
 + Level 6.4 Dodging
 - Level 3.6 Stealth
 - Level 2.1 Spellcasting
 - Level 3.0 Hexes
 + Level 6.6 Invocations


You had 15 spell levels left.
You didn't know any spells.
Your spell library contained the following spells:

 Spells                   Type           Power      Damage    Failure   Level
 Beastly Appendage        Tmut           2%         N/A       100%        1
 Magic Dart               Conj           4%         1d3       100%        1
 Shock                    Conj/Air       4%         1d3       100%        1
 Call Imp                 Summ           1%         N/A       100%        2
 Ensorcelled Hibernation  Hex/Ice        12%        N/A       100%        2
 Wereblood                Tmut           1%         N/A       100%        2
 Confusing Touch          Hex            10%        N/A       100%        3
 Dazzling Flash           Conj/Hex       12%        N/A       100%        3
 Mephitic Cloud           Conj/Pois/Air  1%         N/A       100%        3
 Portal Projectile        Hex/Tloc       12%        N/A       100%        3
 Spider Form              Tmut/Pois      1%         N/A       100%        3
 Swiftness                Air            1%         N/A       100%        3
 Tukima's Dance           Hex            10%        N/A       100%        3
 Airstrike                Air            0%         2d(1-17)  100%        4
 Blade Hands              Tmut           0%         N/A       100%        5


Dungeon Overview and Level Annotations

Branches:
Dungeon (10/15)            Temple (1/1) D:7            Lair (1/5) D:10
 Bailey (visited)
    Orc: D:9-12

Altars:
Ashenzari
Dithmenos
Elyvilon
Fedhas
Gozag
Hepliaklqana
Kikubaaqudgha
Makhleb
Nemelex Xobeh
Okawaru
Qazlal
Ru
Trog
Uskayaw
Wu Jian
Xom
Yredelemnul
Zin
The Shining One

Shops:
D:1 =?[=   D:8 !*(!!   D:10 [

Annotations:
D:7 3 runed translucent doors, stazo's ghost, novice DsFi
D:10 exclusion: door


Innate Abilities, Weirdness & Mutations

You have razor-sharp teeth.
Your natural rate of healing is unusually fast.
When hurt, damage is shared between your health and your magic reserves.
Your bite disrupts and absorbs the magic of your enemies.
Potions cannot restore your health.


Message History

No target in view!
No target in view!
You hit something. You freeze something. Something gores you!!
You hit something. You hit something but do no damage.
Nothing appears to happen.
Something gores you but does no damage.
You hit something. You hit something but do no damage.
Your bite misses something. Something gores you!
You hit something but do no damage. You bite something. You drain its power.
You feel invigorated.
You hit something. You burn something. Something gores you.
You hit something but do no damage.
Nothing appears to happen.
You hit something. You block something's attack.
You hit something. You burn something. You bite something. You drain its power.
You feel invigorated. Something gores you but does no damage.
You barely miss something. You bite something. You hit something.
Nothing appears to happen.
You bite something! You drain its power.
You feel invigorated. Something gores you.
You hit something but do no damage. You hit something but do no damage.
Your bite misses something. Something gores you!!
* * * LOW HITPOINT WARNING * * *
You hit something but do no damage.
Nothing appears to happen.
Your bite misses something. You hit something but do no damage.
Nothing appears to happen.
You bite something. You drain its power.
You feel invigorated. Something gores you but does no damage.
You closely miss something. You bite something. You hit something.
You freeze something. Something gores you!!
* * * LOW HITPOINT WARNING * * *
You hit something but do no damage.
Nothing appears to happen.
Something gores you.
* * * LOW HITPOINT WARNING * * *
You closely miss something.
Unknown command.
You hit something. You hit something but do no damage.
Your bite misses something. Something gores you but does no damage.
You hit something. Lightning courses through something!!
Your bite misses something. You hit something.
Something gores you but does no damage.
You closely miss something. You bite something. Something gores you!!
* * * LOW HITPOINT WARNING * * *
You hit something. You freeze something. Your bite misses something.
You hit something but do no damage. You bite something. Something gores you.
* * * LOW HITPOINT WARNING * * *
You hit something but do no damage. You closely miss something.
Something gores you!
You die...

########### #.........#
##.........# ## #.........##
##.# ##...P#.....#
####.#####.#...##....P
#....@##..##..........
###.###.{.†...........## ..
#P..#.##..............## ...##
#......##............... .....#
##..#..#................
.....## #..####................
#.....###...#.††...............
##....#............>..........
#.............................


There were no monsters in sight!

Vanquished Creatures
  2 two-headed ogres
  3 gargoyles (D:10)
  7 cane toads (Lair:1)
  A komodo dragon (D:10)
  A hornet (D:9)
  Eustachio (D:9)
  4 wraiths
  A wyvern (D:8)
  15 yaks
  2 steam dragons
  2 acid dragons
  2 water moccasins
  Duvessa (D:5)
  16 orc warriors
  An ice beast (D:7)
  2 black bears
  15 centaurs
  2 ogres
  2 wolves (Lair:1)
  A phantom (D:6)
  A kobold brigand (D:9)
  Blork the orc (D:9)
  A gnoll sergeant (D:9)
  4 bullfrogs
  2 necrophages
  5 wights
  Dowan (D:5)
  9 howler monkeys
  11 orc priests
  A gnoll bouda (D:6)
  6 hounds
  A jelly (D:5)
  An iguana (D:6)
  9 orc wizards
  Robin (D:2)
  8 gnolls
  8 adders
  5 ufetubi
  2 worms (D:3)
  A dart slug (D:2)
  69 orcs
  6 bats
  8 endoplasms
  3 giant cockroaches
  16 goblins
  12 hobgoblins
  11 jackals
  3 quokkas
  2 training dummies (D:5)
  8 ball pythons
  5 frilled lizards
  11 kobolds
  2 rats
315 creatures vanquished.

Vanquished Creatures (others)
  An orc (Bailey)
  A kobold zombie (D:9)
  9 plants (D:10)
11 creatures vanquished.

Grand Total: 326 creatures vanquished

Notes
Turn   | Place    | Note
-------+----------+-------------------------------------------
     0 | D:1      | vurker the Vine Stalker Enchanter began the quest for the
                  | Orb.
     0 | D:1      | Reached XP level 1. HP: 9/9 MP: 4/4
    35 | D:1      | Reached skill level 1 in Short Blades
    68 | D:1      | Found Fudolote's Jewellery Emporium.
    92 | D:1      | Reached XP level 2. HP: 5/14 MP: 6/6
   379 | D:1      | Found Xighypo's Antique Armour Boutique.
   518 | D:1      | Found a faded altar of an unknown god.
   630 | D:1      | Reached skill level 1 in Fighting
   827 | D:1      | Reached XP level 3. HP: 18/18 MP: 7/7
   982 | D:1      | Found Wunipaoxt's Magic Scroll Emporium.
  1239 | D:1      | Found Vaevoiwe's Jewellery Shop.
  1629 | D:2      | Noticed Robin
  1646 | D:2      | Killed Robin
  1903 | D:2      | Found a basalt altar of Yredelemnul.
  2012 | D:2      | Gained mutation: Your natural rate of healing is unusually
                  | fast. [Vine Stalker growth]
  2012 | D:2      | Reached XP level 4. HP: 22/22 MP: 8/8
  3670 | D:4      | Noticed a black bear
  3732 | D:4      | Reached skill level 2 in Fighting
  3748 | D:4      | Reached XP level 5. HP: 25/26 MP: 9/9
  3909 | D:3      | Reached XP level 6. HP: 32/32 MP: 10/10
  3999 | D:4      | Found a hazy altar of Hepliaklqana.
  4302 | D:5      | Entered Level 5 of the Dungeon
  4304 | D:5      | Identified a scroll of acquirement
  4304 | D:5      | Acquired a ring of poison resistance
  4344 | D:5      | Noticed a two-headed ogre
  4732 | D:5      | Reached skill level 3 in Fighting
  4756 | D:5      | Noticed a black bear
  4769 | D:5      | Killed a black bear
  4770 | D:5      | Reached skill level 5 in Short Blades
  4770 | D:5      | Reached XP level 7. HP: 32/36 MP: 11/11
  4826 | D:5      | Killed a two-headed ogre
  4827 | D:5      | Reached skill level 4 in Fighting
  4827 | D:5      | Gained mutation: You have razor-sharp teeth. [Vine Stalker
                  | growth]
  4827 | D:5      | Reached XP level 8. HP: 23/42 MP: 12/12
  4866 | D:5      | Noticed Duvessa
  4867 | D:5      | Noticed Dowan
  4889 | D:5      | Killed Duvessa
  4895 | D:5      | Killed Dowan
  4916 | D:5      | Reached skill level 5 in Fighting
  5428 | D:6      | Noticed a wraith
  5508 | D:6      | Killed a wraith
  5585 | D:6      | Reached XP level 9. HP: 47/48 MP: 13/13
  5634 | D:6      | Reached skill level 1 in Armour
  5659 | D:6      | Reached skill level 6 in Fighting
  6029 | D:6      | Found an ornate altar of the Wu Jian Council.
  6550 | D:7      | Found a staircase to the Ecumenical Temple.
  6645 | Temple   | Entered the Ecumenical Temple
  6653 | Temple   | Became a worshipper of Makhleb the Destroyer
  6717 | D:7      | Found a sacrificial altar of Ru.
  6726 | D:7      | Found a runed translucent gate.
  6726 | D:7      | Found a runed translucent gate.
  6726 | D:7      | Found a runed translucent gate.
  6730 | D:7      | Noticed stazo's ghost (novice DsFi)
  6956 | D:7      | Reached skill level 7 in Fighting
  6971 | D:7      | Reached skill level 1 in Invocations
  7487 | D:8      | Found Jausch's General Store.
  7497 | D:8      | Found Hitwufu's Distillery.
  7510 | D:8      | Found a flagged portal.
  7515 | D:8      | Reached * piety under Makhleb
  7527 | Bailey   | Entered a bailey
  7610 | Bailey   | Reached XP level 10. HP: 27/56 MP: 10/14
  7817 | Bailey   | Reached skill level 8 in Fighting
  8741 | Bailey   | Identified the +4 executioner's axe of Generosity
                  | {antimagic, rPois rF+ Dex+3}
  8789 | Bailey   | Reached ** piety under Makhleb
  9142 | D:8      | Reached skill level 9 in Fighting
  9341 | D:8      | Found a glowing golden altar of the Shining One.
  9464 | D:8      | Found Wial Saumiac's Weapon Boutique.
  9526 | D:8      | Found Urchiun's Distillery.
  9584 | D:8      | Found a blossoming altar of Fedhas.
  9584 | D:8      | Found an iron altar of Okawaru.
  9702 | D:8      | Found Toajugas's Distillery.
  9775 | D:8      | Reached XP level 11. HP: 62/62 MP: 15/15
 10039 | D:1      | Bought a scroll of teleportation for 39 gold pieces
 10039 | D:1      | Bought a scroll of blinking for 97 gold pieces
 10039 | D:1      | Bought a scroll of brand weapon for 123 gold pieces
 10039 | D:1      | Bought a scroll of blinking for 97 gold pieces
 10039 | D:1      | Bought a scroll of teleportation for 39 gold pieces
 10170 | D:4      | Reached skill level 5 in Dodging
 10324 | D:9      | Reached *** piety under Makhleb
 10595 | D:9      | Reached skill level 5 in Invocations
 10691 | D:9      | Reached skill level 5 in Armour
 10772 | D:9      | Noticed a two-headed ogre
 10787 | D:9      | Killed a two-headed ogre
 10788 | D:9      | Reached skill level 10 in Fighting
 10863 | D:9      | Noticed Blork the orc
 10864 | D:9      | Noticed Eustachio
 10880 | D:9      | Killed Blork the orc
 10889 | D:9      | Killed Eustachio
 11192 | D:10     | Entered Level 10 of the Dungeon
 11432 | D:10     | Found Douni's Armour Shop.
 11835 | D:10     | Noticed a two-headed ogre
 12007 | D:10     | Noticed a six-headed hydra
 12180 | D:10     | Found a staircase to the Lair.
 12205 | Lair:1   | Entered Level 1 of the Lair of Beasts
 12309 | Lair:1   | Reached **** piety under Makhleb
 12426 | Lair:1   | Reached XP level 12. HP: 40/69 MP: 17/17
 12443 | Lair:1   | Reached skill level 11 in Fighting
 12516 | Lair:1   | Noticed a death yak
 12568 | Lair:1   | HP: 3/70 [something (1)]
 12570 | Lair:1   | Mangled by a death yak

Illustrated notes

Levels and vault maps discovered:
D:1:      dpeg_arrival_chambers_temple_mockup, layout_rooms, serial_shops,
          nicolae_lakefront_shop, shop, nicolae_shop_crystal,
          nicolae_shop_statue_plus, hellmonk_ecumenical_altar_slurped_away
D:2:      layout_basic, basic_altar, uniq_robin
D:3:      layout_basic
D:4:      layout_rooms, mainiacjoe_overflow_concentric_impassable,
          grunt_ministairs_2
D:5:      dreamdust_elfheim, layout_gridville
D:6:      layout_cave_pools, nicolae_wu_jian_glorious_leap,
          minmay_misc_feat_nine_boxes, kennysheep_decorative_pillar,
          nicolae_elevator_lobby_asterisk
D:7:      layout_gridville, mainiacjoe_overflow_chevrons,
          minmay_temple_entry_ruins, ebering_ghost_rock_garden
D:8:      layout_loops_ring, kennysheep_mini, mainiacjoe_overflow_divided_tiny,
          enter_bailey_3, special_room [special_room_orc], serial_shops, shop,
          shop, nicolae_shop_waterfront, shop_statue, nicolae_square_shop
D:9:      layout_roguey, sword_in_stone
D:10:     cheibrodos_two_vegetables, layout_cave_pools, david_lair_shrubbed,
          serial_shops, nicolae_stop_n_shop_2
Temple:   nicolae_temple_x_marks_the_god
Lair:1:   layout_hall_layers, beast_lair_carwin_3

Skill      XL: |  1  2  3  4  5  6  7  8  9 10 11 12 |
---------------+-------------------------------------+-----
Short Blades   | 1 2 3 4 5 7 8 |  8.0
Fighting       | 1 2 3 4 5 7 9 10 11 | 11.1
Armour         | 3 4 5 6 |  6.1
Dodging        | 3 4 6 |  6.4
Invocations    | 2 4 6 |  6.6
Stealth        | |  3.6
Spellcasting   | |  2.1
Hexes          | |  3.0

Action                   |  1- 3 |  4- 6 |  7- 9 | 10-12 || total
-------------------------+-------+-------+-------+-------++-------
Melee: Dagger            |    44 |       |       |       ||    44
       Bite              |    33 |    84 |   163 |   365 ||   645
       Short sword       |    84 |    65 |       |       ||   149
       Punch             |     1 |     4 |     3 |     8 ||    16
       Quick blade       |       |   258 |   496 |   934 ||  1688
Evoke: Wand              |       |       |       |     7 ||     7
  Use: Scroll            |       |    10 |    10 |    11 ||    31
 Stab: Sleeping          |     5 |     7 |     3 |       ||    15
       Distracted        |       |     1 |       |       ||     1
       Petrifying        |       |       |       |     2 ||     2
       Paralysed         |       |       |       |     2 ||     2
Armor: Robe              |    33 |    81 |    23 |       ||   137
       Chain mail        |       |       |    88 |   128 ||   216
       Crystal plate arm |       |       |       |   290 ||   290
Dodge: Dodged            |    78 |   181 |   110 |    96 ||   465
Block: Buckler           |       |       |       |    27 ||    27

Table legend: (Time is in decaauts)
 A = Elapsed time spent in this place.
 B = Non-inter-level travel time spent in this place.
 C = Inter-level travel time spent in this place.
 D = Time resting spent in this place.
 E = Time spent auto-exploring this place.
 F = Levels seen in this place.
 G = Mean time per level.
                   A        B        C        D        E       F      G
               +--------+--------+--------+--------+--------+-----+--------+
         Total |  11547 |  10681 |    866 |    257 |   7764 |  13 |  888.2 |
       Dungeon |   9963 |   9104 |    859 |    129 |   7063 |  10 |  996.3 |
        Temple |     16 |      9 |      7 |      0 |      0 |   1 |   16.0 |
          Lair |    263 |    263 |      0 |      0 |    158 |   1 |  263.0 |
        Bailey |   1303 |   1303 |      0 |    128 |    542 |   1 | 1303.0 |
               +--------+--------+--------+--------+--------+-----+--------+

Top non-repeatable levels by time:
     D:2: 1594 daAuts
     D:1: 1367 daAuts
  Bailey: 1303 daAuts
     D:6: 1007 daAuts
     D:7: 991 daAuts
     D:3: 988 daAuts
     D:9: 891 daAuts
     D:5: 869 daAuts
     D:8: 844 daAuts
    D:10: 842 daAuts
     D:4: 565 daAuts
  Lair:1: 263 daAuts
  Temple: 16 daAuts
